 Dungeon Crawl Stone Soup version 0.31-a0-182-gc5ef74bbde (webtiles) character file.

Game seed: 13506047007859040297

4983 qw the Cleaver (level 10, -1/64 HPs)
             Began as a Gargoyle Fighter on June 21, 2023.
             Was a Priest of Okawaru.
             Slain by Gastronok (21 damage)
             ... on level 8 of the Dungeon.
             The game lasted 00:04:42 (7079 turns).

qw the Cleaver (Gargoyle Fighter)                   Turns: 7079, Time: 00:04:42

Health: -1/64      AC: 35    Str: 26    XL:     10   Next: 53%
Magic:  13/13      EV:  9    Int: 10    God:    Okawaru [***...]
Gold:   509        SH:  5    Dex:  9    Spells: 9/9 levels left

rFire   . . .        Y - +2 war axe (protect)
rCold   . . .        c - +0 buckler
rNeg    + . .        t - +0 plate armour
rPois   inf          m - +1 helmet
rElec   +            (no cloak)
rCorr   .            e - +0 pair of gloves {Str+3}
SInv    +            q - +0 pair of boots
Will    .....        n - amulet of faith Stlth
                     s - +4 ring of slaying {mikee}
HPRegen 0.30/turn    b - ring of see invisible
MPRegen 0.13/turn

%: faith
@: heroic, under a protective aura, slowed, very slow
A: sickness immunity, AC +7, negative energy resistance 1, electricity
resistance, torment resistance 1, petrification resistance
a: Renounce Religion, Heroism


You were on level 8 of the Dungeon.
You worshipped Okawaru.
Okawaru was most pleased with you.
You visited 2 branches of the dungeon, and saw 9 of its levels.
You also visited: Sewer.

You collected 509 gold pieces.


Innate Abilities, Weirdness & Mutations

You are immune to sickness and miasma.
Your stone body is resilient. (AC +7)
You are immune to poison.
You resist negative energy. (rN+)
You are resistant to electric shocks. (rElec)
You are resistant to unholy torment.
You are immune to petrification.


   Skills:
 - Level 8.2(13.2) Fighting
 - Level 10.0(15.0) Axes
 - Level 3.1(8.1) Throwing
 - Level 7.2(12.2) Armour
 - Level 1.2(6.2) Dodging
 + Level 4.1(9.1) Shields
 - Level 4.1 Invocations


You had 9 spell levels left.
You didn't know any spells.
Your spell library was empty.

Inventory:

Hand Weapons
 v - a +0 morningstar
 Y - a +2 war axe of protection (weapon)
Missiles
 l - 4 boomerangs
 p - a silver javelin (quivered)
Armour
 c - a +0 buckler (worn)
 e - a +0 pair of gloves of strength (worn)
 m - a +1 helmet (worn)
 q - a +0 pair of boots (worn)
 t - a +0 plate armour (worn)
Jewellery
 b - a ring of see invisible (right hand)
 n - an amulet of faith (around neck)
 s - a +4 ring of slaying (left hand) {mikee}
Wands
 g - a wand of digging (14)
Scrolls
 f - a scroll of identify
Potions
 a - 4 potions of curing
 d - 2 potions of might
 i - a potion of haste
 j - a potion of magic
 k - a potion of enlightenment
 o - 2 potions of heal wounds
 r - a potion of resistance
 u - a potion of brilliance {unknown}

Dungeon Overview and Level Annotations

Branches:
Dungeon (8/15)             Temple (1/1) D:6            Lair (0/5) D:8
  Sewer (visited)

Altars:
Ashenzari
Cheibriados
Dithmenos
Elyvilon
Fedhas
Gozag
Hepliaklqana
Kikubaaqudgha
Makhleb
Nemelex Xobeh
Okawaru
Qazlal
Ru
Uskayaw
Vehumet
Wu Jian
Xom
Yredelemnul
Zin
The Shining One

Annotations:
D:4 1 runed translucent door, qw's ghost, amateur GrFi
D:5 4 runed translucent doors, Crazy Yiuf; qw's ghost, amateur GrFi; qw's ghost, novice GrFi
D:8 Gastronok


Message History

The ice beast barely misses you. The orc wizard casts a spell at you.
The puff of flame hits you but does no damage.
You hit Gastronok.
Gastronok is heavily wounded.
You hit the ice beast but do no damage. You hit the basilisk.
You slash the orc wizard! The basilisk gazes at you.
You resist with some effort.
The ice beast hits you but does no damage.
The orc wizard hits you with a +0 dagger.
You hit the orc wizard.
The orc wizard is severely wounded.
You slash the ice beast! You slash Gastronok! You hit the basilisk.
Gastronok looks at you while chanting.
You feel yourself slow down.
You hit the orc wizard.
You kill the orc wizard!
Okawaru accepts your kill.
You slash Gastronok! You hit the basilisk. You slash the ice beast!
The basilisk barely misses you. The ice beast hits you.
The ice beast freezes you!
The basilisk bites you but does no damage.
The yak gores you but does no damage.
The orc priest casts a cantrip, but nothing happens.
The ice beast barely misses you.
You hit Gastronok.
Gastronok is severely wounded.
You hit the ice beast. You hit the basilisk. You hit the yak.
Gastronok casts a spell.
Gastronok puts on a burst of speed!
You block the ice beast's attack. You block the yak's attack.
The basilisk gazes at you. You resist with some effort.
You slash the ice beast!
You kill the ice beast!
Okawaru accepts your kill.
You hit the yak. You hit Gastronok. You slash the basilisk!
You block the basilisk's attack. Gastronok bites you!!
You die...

.##..... ##
.#..P.P. #.
.#[.P... ###.#
##........ ....
#......... #..
#......>..
#####..##.#o......
.........YlYoo....
####..<.@)#....P.
#.###w## .P... #
..# .... #..# ..#
#... ## #.#. #. ..
.. ..


You could see Gastronok (swift), 2 yaks, a basilisk, an orc priest, an orc
wizard (invisible) and an orc.

Vanquished Creatures
  An elephant (D:8)
  Grinder (D:5)
  3 yaks (D:8)
  A wraith (D:7)
  A wyvern (D:8)
  A water moccasin (Sewer)
  Duvessa (D:7)
  2 orc warriors
  An ice beast (D:8)
  2 sky beasts (D:7)
  A black bear (D:8)
  3 ogres
  3 kobold brigands (D:3)
  A bullfrog (D:7)
  5 scorpions
  2 necrophages (D:6)
  10 wights
  Dowan (D:7)
  6 killer bees (D:7)
  3 howler monkeys (D:7)
  4 bullfrog zombies (D:6)
  3 hounds
  A human zombie (D:6)
  A jelly (D:7)
  2 orc priests (D:6)
  A gnoll bouda (D:6)
  4 iguanas
  3 sleepcaps
  7 orc wizards
  A killer bee zombie (D:6)
  A mummy (D:6)
  Robin (D:2)
  19 gnolls
  6 adders
  A shadow imp (D:7)
  2 white imps (D:7)
  A worm (D:4)
  3 dart slugs
  30 orcs
  3 bats (D:3)
  10 endoplasms
  4 giant cockroaches
  12 hobgoblins
  11 jackals
  47 kobolds
  5 quokkas
  5 ball pythons
  5 frilled lizards
  21 goblins
  2 rats (D:1)
265 creatures vanquished.

Notes
Turn   | Place    | Note
-------+----------+-------------------------------------------
     0 | D:1      | qw the Gargoyle Fighter began the quest for the Orb.
     0 | D:1      | Reached XP level 1. HP: 14/14 MP: 1/1
     0 | D:1      | 0 ||| qw: Version: 0.3-a-9-g12657ce
     0 | D:1      | 0 ||| qw: Game counter: 1635
     0 | D:1      | 0 ||| qw: Always use a shield: true
     0 | D:1      | 0 ||| qw: God list: Okawaru
     0 | D:1      | 0 ||| qw: Allow faded altars: false
     0 | D:1      | 0 ||| qw: Do Orc after D:15 true
     0 | D:1      | 0 ||| qw: Do second Lair branch before Depths: true
     0 | D:1      | 0 ||| qw: Lair rune preference: random
     0 | D:1      | 0 ||| qw: Plans: Normal, Zot:1-4, Slime:5, God:TSO, Crypt,
                  | Tomb, Abyss, Pan, Hells, Win
     0 | D:1      | 0 ||| PLANNING D:1-11
    37 | D:1      | Reached skill level 2 in Axes
   206 | D:1      | 206 ||| Stepping ~*~*~tactically~*~*~ (stealth).
   210 | D:1      | Reached XP level 2. HP: 19/19 MP: 2/2
   229 | D:1      | Found a faded altar of an unknown god.
   411 | D:1      | Reached skill level 3 in Axes
   460 | D:1      | Reached XP level 3. HP: 19/23 MP: 3/3
   694 | D:1      | 694 ||| READING scroll labelled EFUCUEMOOQ.
   695 | D:1      | 695 ||| READING scroll labelled TEGGUCWANYTI.
   696 | D:1      | 696 ||| READING scroll labelled CEHIAH JETHRORGH.
   697 | D:1      | 697 ||| READING 2 scrolls labelled MABBUHOCUN.
   698 | D:1      | 698 ||| DROPPING scroll of fog.
   794 | D:2      | 794 ||| DROPPING +0 club.
  1088 | D:2      | 1088 ||| FLEEEEING.
  1101 | D:2      | 1101 ||| Stepping ~*~*~tactically~*~*~ (hiding).
  1241 | D:2      | Noticed Robin
  1247 | D:2      | Reached skill level 1 in Throwing
  1247 | D:2      | HP: 5/23 [goblin/sling bullet[Robin] (4)]
  1251 | D:2      | Reached XP level 4. HP: 7/28 MP: 4/4
  1262 | D:2      | Killed Robin
  1484 | D:2      | 1484 ||| UPGRADING to +0 pair of gloves of strength.
  1489 | D:2      | 1489 ||| UPGRADING to +0 helmet.
  1494 | D:2      | 1494 ||| DRINKING 2 smoky brown potions.
  1548 | D:3      | 1548 ||| DROPPING +0 whip.
  1646 | D:3      | Noticed a kobold brigand
  1653 | D:3      | Reached skill level 4 in Axes
  1659 | D:3      | Killed a kobold brigand
  1660 | D:3      | Reached XP level 5. HP: 25/32 MP: 5/5
  1702 | D:3      | Reached skill level 5 in Axes
  1835 | D:3      | Reached skill level 1 in Dodging
  1835 | D:3      | Reached XP level 6. HP: 35/37 MP: 6/6
  1927 | D:3      | 1927 ||| Stepping ~*~*~tactically~*~*~ (stealth).
  1999 | D:3      | Reached XP level 7. HP: 44/44 MP: 7/7
  2085 | D:3      | 2085 ||| Stepping ~*~*~tactically~*~*~ (hiding).
  2172 | D:3      | 2172 ||| Stepping ~*~*~tactically~*~*~ (hiding).
  2333 | D:3      | 2333 ||| Stepping ~*~*~tactically~*~*~ (stealth).
  2335 | D:3      | 2335 ||| Stepping ~*~*~tactically~*~*~ (hiding).
  2500 | D:3      | Reached skill level 6 in Axes
  2523 | D:3      | 2523 ||| Stepping ~*~*~tactically~*~*~ (stealth).
  2832 | D:3      | 2832 ||| UPGRADING to +0 chain mail.
  2842 | D:3      | 2842 ||| DROPPING +0 scale mail.
  2843 | D:3      | 2843 ||| UPGRADING to +0 plate armour.
  2853 | D:3      | 2853 ||| DROPPING +0 chain mail.
  2854 | D:3      | 2854 ||| UPGRADING to +4 ring of slaying {mikee}.
  2855 | D:3      | 2855 ||| READING scroll labelled ZYVIET KORI.
  2859 | D:3      | 2859 ||| READING scroll labelled BETENT HIUD.
  2860 | D:3      | 2860 ||| DRINKING 2 bubbling inky potions.
  2928 | D:4      | Found a runed translucent door.
  2942 | D:4      | 2942 ||| Stepping ~*~*~tactically~*~*~ (stealth).
  2944 | D:4      | 2944 ||| Stepping ~*~*~tactically~*~*~ (stealth).
  2945 | D:4      | 2945 ||| Stepping ~*~*~tactically~*~*~ (stealth).
  2946 | D:4      | 2946 ||| Stepping ~*~*~tactically~*~*~ (stealth).
  3020 | D:4      | Found a burning altar of Makhleb.
  3066 | D:4      | 3066 ||| Stepping ~*~*~tactically~*~*~ (stealth).
  3141 | D:4      | 3141 ||| DROPPING +6 ring of intelligence.
  3142 | D:4      | 3142 ||| READING 2 scrolls labelled FASEFA HEQO.
  3143 | D:4      | 3143 ||| DRINKING 2 fuming clear potions.
  3144 | D:4      | 3144 ||| READING 3 scrolls of identify.
  3144 | D:4      | 3144 ||| IDENTIFYING blue potion
  3145 | D:4      | 3145 ||| READING 2 scrolls of identify.
  3145 | D:4      | 3145 ||| IDENTIFYING sedimented sapphire potion
  3152 | D:4      | Noticed qw's ghost (amateur GrFi)
  3225 | D:4      | 3225 ||| Stepping ~*~*~tactically~*~*~ (hiding).
  3367 | D:4      | 3367 ||| READING scroll labelled BOPIOM GEAXO.
  3368 | D:4      | 3368 ||| READING 2 scrolls of identify.
  3368 | D:4      | 3368 ||| IDENTIFYING golden potion
  3369 | D:4      | 3369 ||| DROPPING potion of degeneration.
  3370 | D:4      | 3370 ||| DROPPING scroll of amnesia.
  3376 | D:5      | Entered Level 5 of the Dungeon
  3377 | D:5      | 3377 ||| PLANNING SEWER
  3448 | D:5      | Found a runed translucent door.
  3449 | D:5      | Noticed Crazy Yiuf
  3480 | D:5      | Reached XP level 8. HP: 48/48 MP: 8/8
  3577 | D:5      | Found a glowing drain.
  3578 | D:5      | 3578 ||| UPGRADING to ring of see invisible.
  3579 | D:5      | 3579 ||| READING scroll labelled ROPLUA USIXAF.
  3583 | D:5      | 3583 ||| Stepping ~*~*~tactically~*~*~ (water).
  3597 | Sewer    | Entered a sewer
  3603 | Sewer    | 3603 ||| Stepping ~*~*~tactically~*~*~ (water).
  3657 | Sewer    | Reached skill level 7 in Axes
  3710 | Sewer    | 3710 ||| UPGRADING to amulet of faith.
  3732 | D:5      | 3732 ||| PLANNING D:1-11
  3787 | D:5      | You fall into a shaft and drop 1 floor!
  3798 | D:6      | 3798 ||| READING scroll labelled TYCSIZ UNEL.
  3913 | D:5      | Found a shimmering altar of Xom.
  3918 | D:5      | 3918 ||| Stepping ~*~*~tactically~*~*~ (stealth).
  4021 | D:5      | Noticed Grinder
  4035 | D:5      | Killed Grinder
  4036 | D:5      | Reached skill level 8 in Axes
  4152 | D:5      | Found a runed translucent gate.
  4152 | D:5      | Found a runed translucent gate.
  4153 | D:5      | Found a runed translucent gate.
  4154 | D:5      | Noticed qw's ghost (novice GrFi)
  4154 | D:5      | Noticed qw's ghost (novice GrFi)
  4154 | D:5      | Noticed qw's ghost (amateur GrFi)
  5201 | D:6      | Found a hide-covered altar of Uskayaw.
  5320 | D:6      | Found a staircase to the Ecumenical Temple.
  5321 | D:6      | 5321 ||| PLANNING TEMPLE
  5321 | D:6      | 5321 ||| Stepping ~*~*~tactically~*~*~ (stealth).
  5370 | D:6      | 5370 ||| UPGRADING to +0 pair of boots.
  5380 | Temple   | Entered the Ecumenical Temple
  5381 | Temple   | 5381 ||| PLANNING OKAWARU WORSHIP
  5388 | Temple   | Became a worshipper of Warmaster Okawaru
  5389 | Temple   | 5389 ||| PLANNING D:1-11
  5467 | D:6      | Reached skill level 6 in Fighting
  5491 | D:6      | Reached XP level 9. HP: 44/55 MP: 9/9
  5627 | D:6      | 5627 ||| READING scroll of enchant weapon.
  5627 | D:6      | 5627 ||| ENCHANTING +1 war axe of protection.
  5630 | D:6      | 5630 ||| DROPPING +0 flail.
  6030 | D:6      | Reached skill level 9 in Axes
  6090 | D:6      | Reached * piety under Okawaru
  6101 | D:6      | Reached skill level 3 in Throwing
  6109 | D:6      | Reached skill level 1 in Invocations
  6142 | D:6      | Found a basalt altar of Yredelemnul.
  6182 | D:7      | Noticed Dowan
  6183 | D:7      | 6183 ||| Stepping ~*~*~tactically~*~*~ (hiding).
  6185 | D:7      | 6185 ||| Stepping ~*~*~tactically~*~*~ (hiding).
  6187 | D:7      | 6187 ||| INVOKING Heroism.
  6192 | D:7      | Killed Dowan
  6194 | D:7      | 6194 ||| Stepping ~*~*~tactically~*~*~ (stealth).
  6206 | D:7      | 6206 ||| Stepping ~*~*~tactically~*~*~ (stealth).
  6208 | D:7      | 6208 ||| Stepping ~*~*~tactically~*~*~ (stealth).
  6209 | D:7      | Noticed Duvessa
  6210 | D:7      | 6210 ||| INVOKING Heroism.
  6213 | D:7      | 6213 ||| Stepping ~*~*~tactically~*~*~ (hiding).
  6220 | D:7      | Killed Duvessa
  6222 | D:7      | Reached skill level 3 in Invocations
  6227 | D:7      | Reached skill level 6 in Armour
  6235 | D:7      | 6235 ||| Stepping ~*~*~tactically~*~*~ (stealth).
  6237 | D:7      | 6237 ||| Stepping ~*~*~tactically~*~*~ (stealth).
  6267 | D:7      | 6267 ||| INVOKING Heroism.
  6268 | D:7      | 6268 ||| Stepping ~*~*~tactically~*~*~ (stealth).
  6310 | D:7      | 6310 ||| DRINKING 2 metallic dark potions.
  6311 | D:7      | 6311 ||| READING 2 scrolls of identify.
  6311 | D:7      | 6311 ||| IDENTIFYING fuming amethyst potion
  6312 | D:7      | 6312 ||| DROPPING potion of ambrosia.
  6377 | D:7      | 6377 ||| INVOKING Heroism.
  6439 | D:7      | Reached XP level 10. HP: 59/63 MP: 13/13
  6472 | D:7      | Reached ** piety under Okawaru
  6539 | D:7      | 6539 ||| Stepping ~*~*~tactically~*~*~ (hiding).
  6562 | D:7      | Found a flagged portal.
  6565 | D:7      | 6565 ||| Stepping ~*~*~tactically~*~*~ (water).
  6681 | D:7      | 6681 ||| Stepping ~*~*~tactically~*~*~ (hiding).
  6706 | D:7      | Reached skill level 10 in Axes
  6887 | D:7      | Found a sparkling altar of Nemelex Xobeh.
  7032 | D:7      | 7032 ||| UPGRADING to +1 helmet.
  7042 | D:7      | 7042 ||| DROPPING +0 helmet.
  7054 | D:8      | Found a staircase to the Lair.
  7054 | D:8      | Noticed an elephant
  7055 | D:8      | Noticed Gastronok
  7056 | D:8      | 7056 ||| INVOKING Heroism.
  7069 | D:8      | Reached *** piety under Okawaru
  7072 | D:8      | Killed an elephant
  7079 | D:8      | Slain by Gastronok

Levels and vault maps discovered:
D:1:      psy_arrival_terrarium, layout_basic,
          hellmonk_ecumenical_altar_pennies_from_heaven
D:2:      layout_basic, uniq_robin
D:3:      minmay_goblin_kobold_castle, layout_rooms
D:4:      layout_cave_pools, mainiacjoe_overflow_paths, ebering_ghost_sewer_d
D:5:      layout_loops_ring, xom_teletrap_fun, gammafunk_ghost_cemetery,
          portal_sewer_entry_f, uniq_grinder, uniq_crazy_yiuf_cottage
D:6:      layout_loops_ring, nicolae_overflow_hidden_temple,
          lemuel_mausoleum_altar_yredelemnul, minmay_temple_entry_trees,
          item_on_display_a
D:7:      layout_loops_ring, nemelex_dance_club_becter, enter_bailey_3,
          uniq_duvessa
D:8:      layout_loops_ring, lightli_temple_of_fire,
          mainiacjoe_overflow_concentric_impassable, david_lair_generic,
          kennysheep_cross_room, nicolae_shop_fire_sale
          [nicolae_sub_dead_trees], minivault_24, minmay_misc_feat_tower,
          minmay_door_square, nicolae_stop_n_shop_2, uniq_gastronok, uniq_maggie
Temple:   nicolae_temple_no_exploring_needed

Skill      XL: |  1  2  3  4  5  6  7  8  9 10 |
---------------+-------------------------------+-----
Axes           | 2 3 4 5 6 8 9 10 | 10.0
Throwing       | 1 2 3 |  3.1
Dodging        | 1 |  1.2
Fighting       | 4 6 7 8 |  8.2
Armour         | 4 5 6 7 |  7.2
Invocations    | 4 |  4.1
Shields        | 4 |  4.1

Action                     |  1- 3 |  4- 6 |  7- 9 | 10-12 || total
---------------------------+-------+-------+-------+-------++-------
  Melee: War axe           |   129 |   116 |   308 |    63 ||   616
  Throw: Javelin           |     3 |    11 |    47 |     5 ||    66
         Boomerang         |       |     4 |    66 |     8 ||    78
 Invoke: Heroism           |       |       |     4 |     1 ||     5
    Use: Scroll            |     4 |       |    11 |       ||    15
         Potion            |       |     1 |     3 |       ||     4
 Armour: Scale mail        |    90 |   108 |    49 |       ||   247
         Plate armour      |       |       |   126 |    47 ||   173
  Dodge: Dodged            |    79 |    71 |   102 |    29 ||   281
  Block: Buckler           |    28 |    31 |    51 |    14 ||   124

Table legend:
 A = Non-vault XP
 B = Vault XP
 C = Vault XP percentage of total XP
 D = Non-vault monster count
 E = Vault monster count
 F = Vault count percentage of total count
                 A         B        C        D         E       F
            +---------+---------+-------+---------+---------+-------
      Total |    4495 |    2760 |  38.0 |     167 |      98 |  37.0
            +---------+---------+-------+---------+---------+-------
        D:1 |      42 |       0 |   0.0 |      24 |       0 |   0.0
        D:2 |      29 |      31 |  51.7 |      14 |      10 |  41.7
        D:3 |     131 |     544 |  80.6 |      27 |      57 |  67.9
        D:4 |     269 |       0 |   0.0 |      21 |       0 |   0.0
        D:5 |     510 |     275 |  35.0 |      12 |       5 |  29.4
        D:6 |     681 |     672 |  49.7 |      24 |      12 |  33.3
        D:7 |    2014 |     339 |  14.4 |      39 |       8 |  17.0
        D:8 |     819 |     742 |  47.5 |       6 |       3 |  33.3
      Sewer |       0 |     157 | 100.0 |       0 |       3 | 100.0
            +---------+---------+-------+---------+---------+-------
